 Dungeon Crawl Stone Soup version 0.25.0-9-g26727b657a (webtiles) character file.

Game seed: 6118865379364500134

4373 gruber the Whirler (level 10, 0/60 HPs)
             Began as a Halfling Hunter on June 16, 2020.
             Was an Elder of Okawaru.
             Splashed by a big kobold's acid (8 damage)
             ... on level 8 of the Dungeon.
             The game lasted 00:10:00 (7183 turns).

gruber the Whirler (Halfling Hunter)                Turns: 7183, Time: 00:10:01

Health: 0/60       AC:  2    Str: 16    XL:     10   Next: 60%
Magic:  14/14      EV: 18    Int:  9    God:    Okawaru [****..]
Gold:   256        SH:  0    Dex: 22    Spells: 9/9 levels left

rFire    . . .     SeeInvis .   a - +2 hunting sling (flame)
rCold    + . .     Gourm    .   (shield restricted)
rNeg     . . .     Faith    .   E - +2 leather armour {rC+}
rPois    .         Spirit   .   (no helmet)
rElec    .         Reflect  .   B - +0 cloak
rCorr    .         Harm     .   v - +0 pair of gloves
MR       .....                  r - +0 pair of boots
Stlth    ++........             (no amulet)
HPRegen  0.20/turn              h - +6 ring of dexterity
MPRegen  0.14/turn              (no ring)

@: corroded
A: small, mutation resistance 1
a: Heroism, Renounce Religion


You were on level 8 of the Dungeon.
You worshipped Okawaru.
Okawaru was greatly pleased with you.
You were not hungry.

You visited 2 branches of the dungeon, and saw 9 of its levels.
You also visited: Sewer.

You collected 256 gold pieces.

Inventory:

Hand Weapons
 a - a +2 hunting sling of flaming (weapon)
 e - a +2 spear of venom
 p - a +2 trident of freezing
Missiles
 d - 95 sling bullets (quivered)
 j - 357 stones
Armour
 r - a +0 pair of boots (worn)
 v - a +0 pair of gloves (worn)
 B - a +0 cloak (worn)
 E - a +2 leather armour of cold resistance (worn)
Jewellery
 h - a +6 ring of dexterity (left hand)
 o - an uncursed ring of flight {unknown}
 q - an uncursed ring of see invisible
 z - an uncursed amulet of regeneration {unknown}
Wands
 w - a wand of random effects (36)
Scrolls
 c - 4 scrolls of blinking {unknown}
 i - 14 scrolls of identify {unknown}
 l - a scroll of enchant armour {unknown}
 m - a scroll of noise {unknown}
 s - 2 scrolls of remove curse {unknown}
 t - 2 scrolls of immolation {unknown}
 x - 5 scrolls of teleportation {unknown}
 y - 3 scrolls of magic mapping {unknown}
 C - a scroll of fog {unknown}
 D - 3 scrolls of enchant weapon {unknown}
 G - 2 scrolls of fear {unknown}
 K - a scroll of torment {unknown}
Potions
 b - 3 potions of magic {unknown}
 g - 5 potions of curing {unknown}
 k - 8 potions of heal wounds
 n - 2 potions of mutation {unknown}
 u - 2 potions of lignification {unknown}
 A - a potion of haste {unknown}
 F - a potion of ambrosia {unknown}
 H - 2 potions of flight {unknown}
 I - a potion of cancellation {unknown}
Comestibles
 f - 15 rations


   Skills:
 - Level 1.7 Fighting
 - Level 15.2 Slings
 + Level 7.9 Armour
 + Level 5.2 Dodging
 - Level 1.1 Stealth
 - Level 6.0 Invocations
 - Level 0.8 Evocations


You had 9 spell levels left.
You didn't know any spells.
Your spell library contained the following spells:

 Spells                   Type           Power        Failure   Level  Hunger
 Beastly Appendage        Tmut           #.....       43%         1    ##.....
 Summon Small Mammal      Summ           #...         43%         1    ##.....
 Call Imp                 Summ           #.......     58%         2    ###....
 Sticks to Snakes         Tmut           #.......     58%         2    ###....
 Call Canine Familiar     Summ           #.......     82%         3    ####...
 Spider Form              Tmut/Pois      #.........   82%         3    ####...
 Summon Guardian Golem    Hex/Summ       #.......     82%         3    ####...
 Ice Form                 Ice/Tmut       #.......     99%         4    #####..
 Summon Ice Beast         Ice/Summ       #.......     99%         4    #####..
 Summon Lightning Spire   Summ/Air       #.......     99%         4    #####..
 Blade Hands              Tmut           #.........   100%        5    ######.


Dungeon Overview and Level Annotations

Branches:
Dungeon (8/15)             Temple (1/1) D:4           Sewer (visited)
   Lair: D:8-11

Altars:
Ashenzari
Cheibriados
Dithmenos
Elyvilon
Fedhas
Gozag
Hepliaklqana
Kikubaaqudgha
Makhleb
Nemelex Xobeh
Okawaru
Qazlal
Ru
Sif Muna
Trog
Uskayaw
Vehumet
Wu Jian
Yredelemnul
Zin
The Shining One
Beogh

Shops:
D:8 (

Annotations:
D:7 3 runed translucent doors, Sedillia's ghost, novice GrFi


Innate Abilities, Weirdness & Mutations

You are small and have problems with some larger weapons.
You are somewhat resistant to further mutation.


Message History

The sling bullet barely misses the big kobold.
The big kobold throws a stone.
The stone completely misses you.
Unknown command.
Firing (i - inventory. (/) - cycle)
d - 97 sling bullets (quivered)
Press: ? - help, Shift-Dir - straight line, f/p - big kobold
Aim: a big kobold, quivering a stone and carrying a wand of acid (10) (heavily wounded)
You shoot a sling bullet. The sling bullet hits the big kobold.
The sling bullet burns the big kobold.
The big kobold is severely wounded.
Unknown command.
Firing (i - inventory. (/) - cycle)
d - 96 sling bullets (quivered)
Press: ? - help, Shift-Dir - straight line, f/p - big kobold
Aim: a big kobold, quivering a stone and carrying a wand of acid (10) (severely wounded)
You shoot a sling bullet. The sling bullet hits the big kobold.
The sling bullet burns the big kobold.
The big kobold is almost dead.
The big kobold zaps a wand.
The bolt of acid hits you!
* * * LOW HITPOINT WARNING * * *
You are splashed with acid!
You die...

.# .# . ###### #.
#....#### #.# #.#.....##
.# #( #..### #........##
.# #(.##..####.∩.#.....#
..# #((....(@.........#
...#
#.#)K#######.......##...#
..#..## #......<......# #
#.. #.....))..#..... #.?
#.........# #.## #..
#.........# ...
#.....<...# .#.#
##.......## #########


You could see a big kobold.

Vanquished Creatures
  Pikel (D:6)
  Grinder (D:5)
  Prince Ribbit (D:5)
  A hippogriff (D:7)
  A spriggan (D:7)
  A steam dragon (D:7)
  Edmund (D:5)
  2 soldier ants (D:8)
  Duvessa (D:5)
  Purgy (D:3)
  An ice beast (D:3)
  3 slaves
  A sky beast (D:5)
  A black bear (D:6)
  2 ogres
  2 centaurs
  2 big kobolds (Sewer)
  Blork the orc (D:5)
  3 bullfrogs
  Dowan (D:5)
  2 scorpions
  4 wights (D:7)
  A howler monkey (D:4)
  A bullfrog zombie (D:6)
  A centaur zombie (D:5)
  3 crimson imps (D:5)
  An orc priest (D:7)
  2 jellies (D:6)
  4 hounds
  An iron imp (D:5)
  Natasha (thrice) (D:2)
  Terence (D:3)
  An iguana (D:5)
  6 worker ants
  7 orc wizards
  A killer bee zombie (D:7)
  A hound skeleton (D:6)
  A gnoll (D:1)
  2 howler monkey skeletons
  6 adders
  A shadow imp (D:6)
  4 oozes
  An adder skeleton (D:6)
  An adder zombie (D:6)
  7 worms
  2 dart slugs
  5 leopard geckos
  23 orcs
  7 giant cockroaches
  14 goblins
  11 hobgoblins
  4 jackals (D:2)
  5 quokkas
  4 ball pythons
  8 bats
  3 frilled lizards
  15 kobolds
  13 rats
205 creatures vanquished.

Notes
Turn   | Place    | Note
-------+----------+-------------------------------------------
     0 | D:1      | gruber the Halfling Hunter began the quest for the Orb.
     0 | D:1      | Reached XP level 1. HP: 14/14 MP: 1/1
    77 | D:1      | Reached skill level 6 in Slings
    77 | D:1      | Reached XP level 2. HP: 19/19 MP: 2/2
   333 | D:1      | Reached skill level 7 in Slings
   333 | D:1      | Reached XP level 3. HP: 24/24 MP: 3/3
   744 | D:2      | Noticed Natasha
   772 | D:2      | Killed Natasha
   772 | D:2      | Reached XP level 4. HP: 27/29 MP: 4/4
   871 | D:2      | Reached skill level 8 in Slings
  1302 | D:2      | Reached XP level 5. HP: 34/34 MP: 5/5
  1789 | D:2      | Noticed Natasha
  1853 | D:2      | Killed Natasha
  1853 | D:2      | Reached skill level 9 in Slings
  2373 | D:3      | Noticed Purgy
  2420 | D:2      | Noticed Natasha
  2425 | D:2      | Killed Natasha
  2465 | D:3      | Noticed Terence
  2466 | D:3      | Reached XP level 6. HP: 37/39 MP: 6/6
  2473 | D:3      | Killed Terence
  2473 | D:3      | Reached skill level 10 in Slings
  2526 | D:3      | Killed Purgy
  2574 | D:3      | Found an opulent altar of Gozag.
  2841 | D:3      | Noticed an ice beast
  2870 | D:3      | Killed an ice beast
  2870 | D:3      | Reached skill level 11 in Slings
  2870 | D:3      | Reached XP level 7. HP: 44/44 MP: 7/7
  3255 | D:4      | Found an ancient bone altar of Kikubaaqudgha.
  3317 | D:4      | Found an iron altar of Okawaru.
  3366 | D:4      | Reached skill level 12 in Slings
  3628 | D:4      | Found a staircase to the Ecumenical Temple.
  3649 | Temple   | Entered the Ecumenical Temple
  3674 | D:4      | Became a worshipper of Warmaster Okawaru
  3730 | D:4      | Reached XP level 8. HP: 49/49 MP: 8/8
  3997 | D:5      | Entered Level 5 of the Dungeon
  4011 | D:5      | Reached skill level 13 in Slings
  4012 | D:5      | Noticed Grinder
  4015 | D:5      | Noticed Edmund
  4043 | D:5      | Killed Edmund
  4043 | D:5      | Reached * piety under Okawaru
  4054 | D:5      | Killed Grinder
  4054 | D:5      | Reached skill level 14 in Slings
  4062 | D:5      | Noticed Prince Ribbit
  4092 | D:5      | Killed Prince Ribbit
  4092 | D:5      | Reached ** piety under Okawaru
  4092 | D:5      | Reached skill level 15 in Slings
  4092 | D:5      | Reached XP level 9. HP: 33/54 MP: 9/9
  4270 | D:5      | Reached skill level 1 in Invocations
  4367 | D:5      | Noticed Blork the orc
  4378 | D:5      | Killed Blork the orc
  4526 | D:5      | Found a blossoming altar of Fedhas.
  4764 | D:5      | Found a bloodstained altar of Trog.
  4854 | D:5      | Found a snail-covered altar of Cheibriados.
  4854 | D:5      | Noticed Duvessa
  4854 | D:5      | Noticed Dowan
  4861 | D:5      | Killed Duvessa
  4861 | D:5      | Reached skill level 5 in Invocations
  4868 | D:5      | Killed Dowan
  5042 | D:6      | Found a glowing drain.
  5071 | D:6      | Reached *** piety under Okawaru
  5125 | Sewer    | Entered a sewer
  5270 | Sewer    | Reached skill level 1 in Armour
  5769 | D:6      | Found a sacrificial altar of Ru.
  5876 | D:6      | Reached XP level 10. HP: 60/60 MP: 14/14
  5969 | D:7      | Noticed Pikel
  6066 | D:6      | Killed Pikel
  6066 | D:6      | Reached **** piety under Okawaru
  6649 | D:7      | Identified the +7 chain mail "Uckegaal" {rF+ rN+}
  6650 | D:7      | Found a runed translucent gate.
  6650 | D:7      | Noticed Sedillia's ghost (novice GrFi)
  6660 | D:7      | Found a runed translucent gate.
  6660 | D:7      | Found a runed translucent gate.
  6667 | D:7      | Found a roughly hewn altar of Beogh.
  6809 | D:7      | Received a gift from Okawaru
  6954 | D:8      | Found Emurph's Weapon Boutique.
  7055 | D:8      | Reached skill level 5 in Dodging
  7183 | D:8      | Splashed by a big kobold's acid

Illustrated notes

Levels and vault maps discovered:
D:1:      psy_arrival_conway, layout_basic
D:2:      layout_loops_corners, tgw_xom, uniq_natasha
D:3:      layout_loops_ring, grunt_gozag_statues, first_ration, uniq_purgy,
          uniq_terence
D:4:      layout_rooms, kiku_gazebo_pond_becter, lemuel_doored_altar,
          minmay_temple_entry_sparse_star
D:5:      layout_rooms, fedhas_bush_and_centaur_altar, slow_altar_2,
          minmay_parallelograms, minmay_fountain_box, trog_hazing_becter,
          uniq_grinder, uniq_blork_the_orc, uniq_prince_ribbit1, uniq_duvessa,
          uniq_edmund
D:6:      layout_rooms, lemuel_coloured_pillars_altar,
          cheibrodos_sewer_entry_drain
D:7:      layout_basic, biasface_ghost_orc_armoury, the_bakery, uniq_pikel
D:8:      layout_cave_pods, serial_shops, kennysheep_mini, shop,
          nicolae_shop_stone, shop_fountains, shop_statue,
          minmay_another_anthill
Temple:   nicolae_temple_no_exploring_needed

Skill      XL: |  1  2  3  4  5  6  7  8  9 10 |
---------------+-------------------------------+-----
Slings         | 6 7 8 9 11 12 15 | 15.2
Invocations    | 6 |  6.0
Armour         | 4 7 |  7.9
Dodging        | 5 |  5.2
Fighting       | |  1.7
Stealth        | |  1.1
Evocations     | |  0.8

Action                   |  1- 3 |  4- 6 |  7- 9 | 10-12 || total
-------------------------+-------+-------+-------+-------++-------
 Fire: Hunting sling     |    46 |   162 |   385 |   149 ||   742
Evoke: Wand              |       |       |     4 |       ||     4
  Eat: Chunk             |       |     6 |     8 |     4 ||    18
Armor: Leather armour    |     1 |     6 |    10 |    14 ||    31
Dodge: Dodged            |     6 |    14 |    34 |    29 ||    83
